 Dungeon Crawl Stone Soup version 0.31-a0-466-g98c9adc2b6 (webtiles) character file.

Game seed: 13216746294088423858

329 horus123 the Magician (level 6, -4/31 (32) HPs)
             Began as a Deep Elf Earth Elementalist on Aug 5, 2023.
             Was an Initiate of Vehumet.
             Slain by Crazy Yiuf
             ... wielding a +2 quarterstaff of chaos
              (5 damage)
             ... on level 3 of the Dungeon.
             The game lasted 00:05:18 (2939 turns).

horus123 the Magician (Deep Elf Earth Elementalist) Turns: 2939, Time: 00:05:19

HP:   -4/31 (32)    AC:  3    Str:  5    XL:     6   Next: 25%
MP:   15/18         EV: 12    Int: 22    God:    Vehumet [......]
Gold: 138           SH:  0    Dex: 15    Spells: 10/19 levels left

rFire   . . .        (no weapon)
rCold   . . .        (no shield)
rNeg    . . .        a - +0 robe
rPois   +            (no helmet)
rElec   .            (no cloak)
rCorr   .            (no gloves)
SInv    .            l - +0 pair of boots
Will    .....        (no amulet)
Stlth   ++           i - ring of poison resistance
HPRegen 0.25/turn    (no ring)
MPRegen 0.16/turn

%: no passive effects
@: lightly drained
A: no striking features
a: Renounce Religion


You were on level 3 of the Dungeon.
You worshipped Vehumet.
Vehumet was noncommittal.
You visited 1 branch of the dungeon, and saw 3 of its levels.

You collected 138 gold pieces.

Inventory:

Armour
 a - a +0 robe (worn)
 l - a +0 pair of boots (worn)
Jewellery
 i - a ring of poison resistance (left hand)
Wands
 p - a wand of flame (20)
Scrolls
 e - 4 scrolls of identify {unknown}
 g - a scroll of revelation {unknown}
 h - 3 scrolls of teleportation {unknown}
 j - a scroll of amnesia {unknown}
 o - a scroll of brand weapon {unknown}
Potions
 b - a potion of magic
 c - 3 potions of invisibility {unknown}
 d - a potion of curing {unknown}
 f - a potion of degeneration {unknown}
 k - 2 potions of brilliance {unknown}
 m - a potion of cancellation {unknown}
 n - a potion of heal wounds {unknown}


   Skills:
 - Level 2.4 Dodging
 - Level 2.4 Stealth
 - Level 7.0 Spellcasting
 - Level 3.1 Conjurations
 + Level 3.4 Hexes
 - Level 1.1 Transmutations
 - Level 3.2 Earth Magic


You had 10 spell levels left.
You knew the following spells:

 Your Spells              Type           Power      Damage    Failure   Level
a - Sandblast             Erth           44%        2d11      2%          1
b - Stone Arrow           Conj/Erth      42%        3d9       7%          3
c - Metabolic Englaciati  Hex/Ice        7%         N/A       75%         5

Your spell library contained the following spells:

 Spells                   Type           Power      Damage    Failure   Level
 Kiss of Death            Conj/Necr      56%        2d9       4%          1
 Shock                    Conj/Air       56%        1d6       4%          1
 Passwall                 Tmut/Erth      14%        N/A       4%          2
 Confusing Touch          Hex            22%        N/A       6%          3
 Frozen Ramparts          Ice            14%        1d3       24%         3
 Ozocubu's Armour         Ice            7%         N/A       24%         3
 Petrify                  Tmut/Erth      17%        N/A       32%         4
 Dispel Undead            Necr           7%         3d8       63%         4
 Olgreb's Toxic Radiance  Pois           7%         N/A       63%         4
 Arcjolt                  Conj/Air       7%         1d17      77%         5
 Simulacrum               Ice/Necr       3%         N/A       100%        6
 Discord                  Hex            11%        N/A       100%        8
 Ignition                 Fire           3%         3d4       100%        8
 Chain Lightning          Conj/Air       7%         3d9       100%        9


Dungeon Overview and Level Annotations

Branches:
Dungeon (3/15)

Altars:
Cheibriados
Uskayaw
Vehumet
Yredelemnul

Shops:
D:3 !((=[

Annotations:
D:3 Crazy Yiuf


Message History

You are very lightly contaminated with residual magic.
Nothing appears to happen.
Natasha zaps a wand.
The puff of flame misses you.
The blast of sand hits Natasha!
Natasha is almost dead.
Natasha zaps a wand.
The puff of flame hits you.
The blast of sand hits Natasha.
You kill Natasha!
Vehumet accepts your kill.
You feel Natasha's spirit has finally been put to rest.
You can't see any susceptible monsters within range! (Use Z to cast anyway.)
Your magical contamination has completely faded away.
p - a wand of flame (20)
You see here a +0 hammer.
You open the door.
Aiming: Sandblast (safe; 2% risk of failure)
Press: ? - help, Q - select action, (/) - cycle Shift-Dir - straight line, f - Crazy Yiuf
Aim: Crazy Yiuf, wielding a +2 quarterstaff of chaos and wearing a +0 cloak (85% to hit)
The blast of sand hits Crazy Yiuf.
Crazy Yiuf is moderately wounded.
Crazy Yiuf whimpers, "Castle hand sing-song!"
Crazy Yiuf hits you with a +2 quarterstaff of chaos!
Crazy Yiuf freezes you. Crazy Yiuf barely misses you.
Aiming: Sandblast (safe; 2% risk of failure)
Press: ? - help, Q - select action, (/) - cycle Shift-Dir - straight line, f/p - Crazy Yiuf
Aim: Crazy Yiuf, wielding a +2 quarterstaff of chaos and wearing a +0 cloak (moderately wounded, 85% to hit)
The blast of sand hits Crazy Yiuf but does no damage.
Crazy Yiuf is moderately wounded.
Crazy Yiuf laughs, "Gum!
Citrus hand song."
Crazy Yiuf hits you with a +2 quarterstaff of chaos!
* * * LOW HITPOINT WARNING * * *
You feel drained.
* * * LOW HITPOINT WARNING * * *
Unknown command.
Aiming: Sandblast (safe; 2% risk of failure)
Press: ? - help, Q - select action, (/) - cycle Shift-Dir - straight line, f/p - Crazy Yiuf
Aim: Crazy Yiuf, wielding a +2 quarterstaff of chaos and wearing a +0 cloak (moderately wounded, 85% to hit)
The blast of sand hits Crazy Yiuf!
Crazy Yiuf is severely wounded.
Crazy Yiuf hits you with a +2 quarterstaff of chaos.
You die...

#... #.#. #... ##.#.
#####....
♣♣♣♣♣##.....#.. ###
♣♣♣.♣....#..####.
#...#♣).♣.P......## ##
#..)g@♣♣♣♣PP......####
#)..#♣♣ ♣♣P...##<....
### ♣♣##..##....
##....#.. ##.###..
#################......
#..............##......
#..............##......
#......................


You could see Crazy Yiuf.

Vanquished Creatures
  Sigmund (D:2)
  Natasha (thrice) (D:3)
  3 adders (D:2)
  2 worms (D:2)
  2 dart slugs
  9 ball pythons
  4 endoplasms
  5 giant cockroaches
  A goblin (D:1)
  3 hobgoblins
  7 jackals
  A quokka (D:1)
  5 bats
  5 frilled lizards
  4 kobolds
  10 rats
65 creatures vanquished.

Notes
Turn   | Place    | Note
-------+----------+-------------------------------------------
     0 | D:1      | horus123 the Deep Elf Earth Elementalist began the quest
                  | for the Orb.
     0 | D:1      | Reached XP level 1. HP: 10/10 MP: 6/6
    87 | D:1      | Reached skill level 4 in Spellcasting
    87 | D:1      | Reached XP level 2. HP: 15/15 MP: 0/9
   489 | D:1      | Got the Encyclopedia of Gases
   724 | D:1      | Reached XP level 3. HP: 13/19 MP: 4/11
   785 | D:1      | Learned a level 3 spell: Stone Arrow
   814 | D:1      | Reached skill level 5 in Spellcasting
  1421 | D:2      | Noticed Sigmund
  1424 | D:2      | Killed Sigmund
  1425 | D:2      | Reached skill level 7 in Spellcasting
  1425 | D:2      | Reached XP level 4. HP: 10/24 MP: 10/15
  1425 | D:2      | Reached XP level 5. HP: 12/28 MP: 10/16
  1724 | D:2      | Learned a level 5 spell: Metabolic Englaciation
  2103 | D:2      | Reached skill level 1 in Hexes
  2125 | D:2      | Found a hide-covered altar of Uskayaw.
  2397 | D:3      | Found a radiant altar of Vehumet.
  2412 | D:3      | Became a worshipper of Vehumet
  2431 | D:3      | Noticed Natasha
  2435 | D:3      | Killed Natasha
  2436 | D:3      | Reached XP level 6. HP: 32/32 MP: 14/18
  2456 | D:3      | Found Tiqinit's Antique Weapon Shoppe.
  2471 | D:3      | Found Asehe's Jewellery Boutique.
  2516 | D:3      | Noticed Natasha
  2520 | D:3      | Killed Natasha
  2547 | D:3      | Found Xewaapn's Antique Armour Boutique.
  2605 | D:3      | Found a snail-covered altar of Cheibriados.
  2641 | D:3      | Found Usapaoll's Antique Weapon Shoppe.
  2728 | D:3      | Found a basalt altar of Yredelemnul.
  2742 | D:3      | Found Tanin's Distillery.
  2796 | D:3      | Found a runed translucent door.
  2797 | D:3      | Noticed Crazy Yiuf
  2849 | D:3      | Noticed Natasha
  2877 | D:3      | Killed Natasha
  2938 | D:3      | HP: 1/31 [Crazy Yiuf/+2 quarterstaff of chaos (1)]
  2939 | D:3      | Slain by Crazy Yiuf

Illustrated notes

Levels and vault maps discovered:
D:1:      psy_arrival_radial01, layout_basic
D:2:      layout_basic, basic_altar, uniq_sigmund
D:3:      layout_rooms, mainiacjoe_overflow_alcove_4, nicolae_vehumet_radiance,
          old_standard_altar, serial_shops, shop, shop, shop,
          nicolae_shop_gibbet_a_chance, nicolae_shop_behind_doors,
          uniq_crazy_yiuf_cottage, uniq_natasha

Skill      XL: |  1  2  3  4  5  6 |
---------------+-------------------+-----
Spellcasting   | 4 7 |  7.0
Conjurations   | 3 |  3.1
Hexes          | 2 3 |  3.4
Dodging        | |  2.4
Stealth        | |  2.4
Transmutations | |  1.1
Earth Magic    | |  3.2

Action                     |  1- 3 |  4- 6 || total
---------------------------+-------+-------++-------
   Cast: Sandblast         |    51 |    38 ||    89
 Armour: Robe              |     1 |       ||     1
  Dodge: Dodged            |    11 |     4 ||    15

Table legend: (Time is in decaauts)
 A = Elapsed time spent in this place.
 B = Non-inter-level travel time spent in this place.
 C = Inter-level travel time spent in this place.
 D = Time resting spent in this place.
 E = Time spent auto-exploring this place.
 F = Levels seen in this place.
 G = Mean time per level.
                   A        B        C        D        E       F      G
               +--------+--------+--------+--------+--------+-----+--------+
         Total |   2982 |   2918 |     64 |     66 |   2463 |   3 |  994.0 |
       Dungeon |   2982 |   2918 |     64 |     66 |   2463 |   3 |  994.0 |
               +--------+--------+--------+--------+--------+-----+--------+

Top non-repeatable levels by time:
     D:1: 1248 daAuts
     D:2: 1177 daAuts
     D:3: 556 daAuts
